 Dungeon Crawl Stone Soup version 0.22-a0-750-ga7dcef7 (webtiles) character file.

929 Gildeon the Chopper (level 8, 68/68 HPs)
             Began as a Hill Orc Fighter on July 15, 2018.
             Quit the game on level 5 of the Dungeon.
             The game lasted 00:15:15 (3792 turns).

Gildeon the Chopper (Hill Orc Fighter)              Turns: 3792, Time: 00:15:16

Health: 68/68      AC: 19    Str: 19    XL:     8   Next: 11%
Magic:  8/8        EV:  1    Int: 10    God:
Gold:   258        SH:  9    Dex: 10    Spells: 7/7 levels left

rFire    x . .     SeeInvis +   a - +0 war axe
rCold    + . .     Gourm    .   c - +0 shield
rNeg     . . .     Faith    .   k - +2 crystal plate armour
rPois    .         Spirit   +   (no helmet)
rElec    .         Reflect  .   g - scarf {Spirit}
rCorr    .         Harm     .   (no gloves)
MR       .....                  (no boots)
Stlth    ..........             l - amulet of regeneration
HPRegen  0.61/turn              o - ring of see invisible
MPRegen  0.11/turn              e - ring of ice

@: no status effects
A: no striking features
a: no special abilities


You were on level 5 of the Dungeon.
You were not hungry.

You visited 1 branch of the dungeon, and saw 5 of its levels.
You also visited: Sewer.

You collected 258 gold pieces.

Inventory:

Hand Weapons
 a - a +0 war axe (weapon)
 b - a +0 morningstar
Armour
 c - a +0 shield (worn)
 g - a scarf of spirit shield (worn)
 k - a +2 crystal plate armour (worn)
 n - a scarf of resistance
Jewellery
 e - a ring of ice (right hand)
 l - an amulet of regeneration (around neck)
 o - a ring of see invisible (left hand)
Wands
 q - a wand of polymorph (13)
 y - a wand of disintegration (8)
Scrolls
 i - 3 scrolls of remove curse
 r - 3 scrolls of teleportation
 t - a scroll of identify
 u - a scroll of fog
 w - a scroll of blinking
Potions
 d - 2 potions of might
 h - 3 potions of agility
 j - 4 potions of curing
 m - a potion of berserk rage
 s - 3 potions of heal wounds {unknown}
 v - 3 potions of lignification {unknown}
 z - 4 potions of brilliance {unknown}
 A - 2 potions of degeneration {unknown}
 B - a potion of cancellation {unknown}
Comestibles
 f - 9 rations
 p - 12 chunks of flesh


   Skills:
 - Level 5.0 Fighting
 * Level 7.6 Axes
 - Level 5.0 Armour
 + Level 2.9 Dodging
 + Level 5.3 Shields


You had 7 spell levels left.
You didn't know any spells.
Your spell library was empty.

Dungeon Overview and Level Annotations

Branches:
Dungeon (5/15)
 Temple: D:4-7

Altars:
Dithmenos
Gozag
Makhleb
Okawaru
Ru
Sif Muna
Uskayaw
Xom
Zin
The Shining One

Shops:
D:4 !


Message History

t - a scroll of identify
Items here: )))) [[ ††† Butcher an orc corpse? [(y)es/(n)o/(a)ll/(q)uit/?]
You butcher the orc corpse.
You are feeling hungry.
You butcher the orc corpse. x2
p - 10 chunks of flesh (gained 4);
p - 11 chunks of flesh (gained 1)
p - 14 chunks of flesh (gained 3)
Items here: )))) [[ ÷ Eating one of 14 chunks of flesh.
You eat one of the 14 chunks of flesh.
This raw flesh tastes terrible.
You now have 242 gold pieces (gained 10).
v - 3 murky sapphire potions You now have 258 gold pieces (gained 16).
f - 9 rations (gained 1) Some of the chunks of flesh in your inventory have rotted away.
HP restored. 2 jackals come into view.
The jackal barks! x2; You hear an angry hiss.
Are you sure you want to abandon this character and quit the game? (Confirm with "yes".)

#**,###***********,**
#.#..,,,,,,,,,,,,,*
###.#.#***********,**
....#.# *,* ....#.#
*,* ....#.# *,*
....#.# *,#
....#.############.#
................@..#
.##...##.########..#
.#8...8#.# *,**h.#*
.##...##.# *,,,...#
.##...##.# *,**.###
.##...##.# *,**h#
.#8...8#.# *,**.#
###...#### ***,**.#
8*#...#*8***8*,**,*


You could see 2 jackals.

Vanquished Creatures
  A phantom (D:5)
  2 ogres
  2 big kobolds (Sewer)
  A howler monkey (D:5)
  3 crimson imps
  2 hounds (D:4)
  An orc wizard (D:4)
  An orc priest (D:5)
  Jessica (D:3)
  Terence (D:2)
  A hound skeleton (D:5)
  8 adders
  A river rat (D:4)
  2 oozes
  An adder skeleton (D:4)
  A worm (D:3)
  3 dart slugs
  2 leopard geckos (D:3)
  7 orcs
  6 giant cockroaches
  18 goblins
  9 hobgoblins
  2 jackals (D:4)
  2 quokkas (D:4)
  5 ball pythons
  7 bats
  5 frilled lizards
  17 kobolds
  A quokka skeleton (D:4)
  11 rats
124 creatures vanquished.

Notes
Turn   | Place    | Note
-------+----------+-------------------------------------------
     0 | D:1      | Gildeon the Hill Orc Fighter began the quest for the Orb.
     0 | D:1      | Reached XP level 1. HP: 19/19 MP: 1/1
     5 | D:1      | Found a shimmering altar of Xom.
    49 | D:1      | Reached skill level 3 in Axes
    50 | D:1      | Reached XP level 2. HP: 23/27 MP: 2/2
   246 | D:1      | You fall through a shaft!
   257 | D:2      | Reached XP level 3. HP: 28/33 MP: 3/3
   672 | D:2      | Noticed Terence
   686 | D:2      | Killed Terence
   686 | D:2      | Reached skill level 4 in Axes
   686 | D:2      | Reached skill level 1 in Dodging
   686 | D:2      | Reached XP level 4. HP: 37/40 MP: 4/4
  1439 | D:3      | Reached XP level 5. HP: 42/46 MP: 5/5
  1609 | D:3      | Noticed Jessica
  1610 | D:3      | Killed Jessica
  1689 | D:3      | Found a burning altar of Makhleb.
  1690 | D:3      | Found a shimmering altar of Xom.
  1798 | D:3      | Found a glowing golden altar of the Shining One.
  1810 | D:3      | Reached skill level 5 in Axes
  1927 | D:3      | Found a shadowy altar of Dithmenos.
  2196 | D:4      | Reached XP level 6. HP: 53/53 MP: 6/6
  2399 | D:4      | Found a glowing drain.
  2406 | Sewer    | Entered a sewer
  2598 | Sewer    | Reached skill level 6 in Axes
  2598 | Sewer    | Reached XP level 7. HP: 60/60 MP: 7/7
  2906 | D:4      | Found an iron altar of Okawaru.
  2908 | D:4      | Found a hide-covered altar of Uskayaw.
  2909 | D:4      | Found a deep blue altar of Sif Muna.
  2909 | D:4      | Found a glowing silver altar of Zin.
  2909 | D:4      | Found an opulent altar of Gozag.
  2909 | D:4      | Found a sacrificial altar of Ru.
  3000 | D:4      | Found Ereifos's Distillery.
  3055 | D:4      | Reached skill level 5 in Fighting
  3490 | D:5      | Entered Level 5 of the Dungeon
  3563 | D:5      | Reached skill level 5 in Armour
  3581 | D:5      | Reached skill level 7 in Axes
  3581 | D:5      | Reached skill level 5 in Shields
  3692 | D:5      | Reached XP level 8. HP: 58/68 MP: 8/8
  3792 | D:5      | Quit the game

Vault maps used:
D:1:      sevenhm_arrival_forest_fort_small_6
D:2:      kennysheep_the_goblin_king, minmay_misc_feat_tiny,
          lemuel_old_faithful, uniq_terence
D:3:      grunt_temple_overflow_champion_of_chaos,
          nicolae_dithmenos_through_a_glass_darkly, lemuel_crystal_altar,
          kennysheep_generic_room_9, uniq_jessica
D:4:      grunt_temple_overflow_open, gup_sewer_entry_spiral, serial_shops, shop
D:5:      first_ration, corexii_hall_statues_x
Sewer:    kennysheep_pipe_town

Skill      XL: |  1  2  3  4  5  6  7 |
---------------+----------------------+-----
Axes           | 3 4 5 6 7 |  7.6
Fighting       | 4 5 |  5.0
Dodging        | 1 2 |  2.9
Armour         | 4 5 |  5.0
Shields        | 4 5 |  5.3

Action                   |  1- 3 |  4- 6 |  7- 9 || total
-------------------------+-------+-------+-------++-------
Melee: War axe           |    84 |   288 |   148 ||   520
       Unarmed           |     4 |       |       ||     4
  Use: Scroll            |       |     7 |     9 ||    16
  Eat: Chunk             |       |     6 |     5 ||    11
Armor: Scale mail        |    43 |    37 |       ||    80
       Crystal plate arm |       |   180 |   119 ||   299
Dodge: Dodged            |    21 |    26 |     7 ||    54
Block: Shield            |    40 |   170 |    63 ||   273

Table legend:
 A = Spawn XP
 B = Non-spawn XP
 C = Spawn XP percentage of total XP
 D = Spawn monster count
 E = Non-spawn monster count
 F = Spawn count percentage of total count
 G = Total turns spent on level
                    A         B        C        D         E        F      G
               +---------+---------+-------+---------+---------+-------+---------
         Total |       0 |    1328 |   0.0 |       0 |     124 |   0.0 |  3792
               +---------+---------+-------+---------+---------+-------+---------
           D:1 |       0 |      36 |   0.0 |       0 |      18 |   0.0 |   481
           D:2 |       0 |     109 |   0.0 |       0 |      20 |   0.0 |   918
           D:3 |       0 |     145 |   0.0 |       0 |      26 |   0.0 |   784
           D:4 |       0 |     341 |   0.0 |       0 |      25 |   0.0 |   994
           D:5 |       0 |     459 |   0.0 |       0 |      11 |   0.0 |   302
         Sewer |       0 |     238 |   0.0 |       0 |      24 |   0.0 |   313
               +---------+---------+-------+---------+---------+-------+---------
